 Dungeon Crawl Stone Soup version 0.18-a0-1186-gd02dc51 (webtiles) character file.

1035 kae the Quickloader (level 8, -3/45 HPs)
             Began as a Kobold Hunter on Jan 28, 2016.
             Slain by an orc warrior
             ... wielding a +0 dire flail
              (20 damage)
             ... on level 6 of the Dungeon.
             The game lasted 00:05:54 (6052 turns).

kae the Quickloader (Kobold Hunter)                 Turns: 6052, Time: 00:05:54

Health: -3/45      AC:  6    Str: 11    XL:     8   Next: 48%
Magic:  8/8        EV: 15    Int:  9    God:
Gold:   140        SH:  0    Dex: 18    Spells: 0 memorised, 7 levels left

rFire  . . .     SeeInvis .     a - +1 hand crossbow
rCold  . . .     Gourm    .     c - +0 leather armour
rNeg   . . .     Faith    .     (shield restricted)
rPois  .         Spirit   .     q - +0 helmet
rElec  .         Dismiss  .     g - +0 cloak
rCorr  .         Reflect  .     (no gloves)
SustAt .         Harm     .     (no boots)
MR     .....                    (no amulet)
Stlth  ++........               (no ring)
                                (no ring)

@: not resistant to hostile enchantments, unstealthy
A: rugged brown scales 1, carnivore 3
a: no special abilities


You were on level 6 of the Dungeon.
You were very full.

You visited 1 branch of the dungeon, and saw 6 of its levels.

You collected 140 gold pieces.

Inventory:

Hand Weapons
 a - a +1 hand crossbow (weapon)
 b - a +0 short sword
Missiles
 d - 30 bolts (quivered)
Armour
 c - a +0 leather armour (worn)
 g - a +0 cloak (worn)
 q - a +0 helmet (worn)
Wands
 i - a wand of fireball (4/15)
 l - a wand of slowing (29/48)
 B - a wand of fire (3/15)
Scrolls
 h - a scroll of enchant armour {unknown}
 p - a scroll of immolation {unknown}
 r - a scroll of recharging {unknown}
 s - a scroll of random uselessness {unknown}
 t - a scroll of enchant weapon {unknown}
 w - a scroll of teleportation {unknown}
 A - a scroll of vulnerability {unknown}
 C - a scroll of fear {unknown}
Potions
 e - a potion of brilliance
 j - 2 potions of cure mutation
 m - 2 potions of flight
 n - a potion of haste
 o - a potion of cancellation {unknown}
 v - 2 potions of resistance
 x - a potion of magic {unknown}
 z - a potion of lignification {unknown}
Books
 y - a book of Geomancy

   Spells                             Type                      Level
   a - Sandblast                      Earth                        1
   b - Stoneskin                      Transmutation/Earth          2
   c - Passwall                       Transmutation/Earth          3
   d - Stone Arrow                    Conjuration/Earth            3
   e - Petrify                        Transmutation/Earth          4
   f - Lee's Rapid Deconstruction     Earth                        5
Comestibles
 f - 4 meat rations
 u - a slice of pizza


   Skills:
 - Level 2.1 Fighting
 + Level 11.9 Crossbows
 - Level 2.4 Dodging
 - Level 1.3 Stealth


You had 7 spell levels left.
You didn't know any spells.

Dungeon Overview and Level Annotations

Branches:
Dungeon (6/15)
 Temple: D:4-7

Altars:
Ashenzari
Cheibriados
Dithmenos
Fedhas
Gozag
Qazlal
Ru
Trog
Vehumet
Xom


Innate Abilities, Weirdness & Mutations

You are small and have problems with some larger weapons.
You are carnivorous and can eat meat at any time.
You are partially covered in rugged brown scales (AC +1, +3% HP).


Message History

The orc warrior misses you.
Firing (i - inventory):
d - 33 bolts (quivered)
Press: ? - help, Shift-Dir - straight line, f/p - orc warrior
Aim: an orc warrior, wielding a dire flail and wearing a chain mail (lightly wounded)
You shoot a bolt. The bolt hits the orc warrior.
The orc warrior is moderately wounded.
The orc warrior hits you with a dire flail!
Firing (i - inventory):
d - 32 bolts (quivered)
Press: ? - help, Shift-Dir - straight line, f/p - orc warrior
Aim: an orc warrior, wielding a dire flail and wearing a chain mail (moderately wounded)
You shoot a bolt.
The bolt closely misses the orc warrior.
The orc warrior hits you with a dire flail!
Firing (i - inventory):
d - 31 bolts (quivered)
Press: ? - help, Shift-Dir - straight line, f/p - orc warrior
Aim: an orc warrior, wielding a dire flail and wearing a chain mail (moderately wounded)
You shoot a bolt.
The bolt closely misses the orc warrior.
The orc warrior hits you with a dire flail!!
You die...

#.# #.#.####### .(. #.#
#.........# [. #.#
###........ ((
#.#######........ . [
#.#............<. ... #(
#.#.######.......
....#(##.#..............
......o.................
.......@.....####.......
....###.(###.# .........
#+# ..(.. ##....###+#
###(#.# +....+ ((..#
....# #.. ...


You could see an orc warrior.

Vanquished Creatures
  An ice beast (D:6)
  An ogre (D:5)
  A centaur (D:5)
  Blork the orc (D:4)
  A giant frog (D:6)
  Crazy Yiuf (D:2)
  A centaur zombie (D:3)
  6 orc priests
  A giant frog skeleton (D:5)
  3 orc wizards
  3 worker ants (D:5)
  7 adders
  An ooze (D:2)
  An adder skeleton (D:3)
  An adder zombie (D:5)
  3 worms
  6 giant geckos
  23 orcs
  2 ball pythons
  8 giant cockroaches
  12 hobgoblins
  2 jackals (D:5)
  2 quokkas
  8 bats
  2 giant newts
  7 goblins
  10 kobolds
  8 rats
123 creatures vanquished.

Notes
Turn   | Place    | Note
--------------------------------------------------------------
     0 | D:1      | kae the Kobold Hunter began the quest for the Orb.
     0 | D:1      | Reached XP level 1. HP: 12/12 MP: 1/1
    22 | D:1      | Reached skill level 5 in Crossbows
   223 | D:1      | Reached XP level 2. HP: 15/17 MP: 2/2
   496 | D:1      | Reached XP level 3. HP: 14/21 MP: 3/3
   908 | D:2      | Reached skill level 6 in Crossbows
  1259 | D:2      | Reached XP level 4. HP: 26/26 MP: 4/4
  1736 | D:2      | Noticed Crazy Yiuf
  1755 | D:2      | Killed Crazy Yiuf
  1755 | D:2      | Reached skill level 7 in Crossbows
  1755 | D:2      | Reached XP level 5. HP: 5/30 MP: 5/5
  3067 | D:3      | Reached skill level 8 in Crossbows
  3105 | D:3      | Reached XP level 6. HP: 8/35 MP: 6/6
  3818 | D:3      | Found a shattered altar of Ashenzari.
  4075 | D:4      | Reached skill level 9 in Crossbows
  4165 | D:4      | Reached XP level 7. HP: 40/40 MP: 7/7
  4482 | D:4      | Noticed Blork the orc
  4489 | D:4      | Killed Blork the orc
  4904 | D:5      | Entered Level 5 of the Dungeon
  4936 | D:5      | Reached skill level 10 in Crossbows
  5008 | D:5      | Found a stormy altar of Qazlal.
  5010 | D:5      | Found a sacrificial altar of Ru.
  5010 | D:5      | Found a blossoming altar of Fedhas.
  5281 | D:5      | Reached skill level 11 in Crossbows
  5281 | D:5      | Reached XP level 8. HP: 35/44 MP: 8/8
  5285 | D:5      | Found an opulent altar of Gozag.
  5285 | D:5      | Found a shadowy altar of Dithmenos.
  5304 | D:5      | Found a snail-covered altar of Cheibriados.
  5304 | D:5      | Found a radiant altar of Vehumet.
  5306 | D:5      | Found a bloodstained altar of Trog.
  5383 | D:5      | Found a shimmering altar of Xom.
  5978 | D:6      | Gained mutation: You are partially covered in rugged brown scales (AC +1, +3% HP). [potion of beneficial mutation]
  6052 | D:6      | Slain by an orc warrior

Vault maps used:
D:1:      dpeg_arrival_simpleton_c
D:2:      kennysheep_flooded_box, uniq_crazy_yiuf_cottage
D:3:      lemuel_doored_altar, first_bread, kennysheep_nub
D:4:      uniq_blork_the_orc
D:5:      grunt_temple_overflow_open, basic_altar
D:6:      lemuel_round_altar, nemelex_xobeh_ov_fountains_minmay,
          yredelemnul_altar_generic, uniq_pikel, uniq_edmund

Action                   |  1- 3 |  4- 6 |  7- 9 || total
-------------------------+-------+-------+-------++-------
Melee: Short sword       |   123 |   180 |    26 ||   329
 Fire: Hand crossbow     |       |    55 |   135 ||   190
  Use: Scroll            |     2 |       |     5 ||     7
       Potion            |       |       |     1 ||     1
 Stab: Sleeping          |     6 |     4 |       ||    10
       Distracted        |     1 |       |       ||     1
  Eat: Chunk             |     9 |     2 |    13 ||    24
